Map: Lightshade LE

Players

Belial

  • Race: Zerg Zerg
  • League: Master
  • Spawn Location: 5:00

Nordres - Winner!

  • Race: Zerg Zerg
  • League: Master
  • Spawn Location: 11:00

VOD

Have the link to the VOD?

Description

Time

  • Played on: Oct. 1, 2020, 1:22 p.m.
  • Length: 13:14
Show
View Real Time Build Order
Export as new Build Order

Belial Zerg 

Build Orders: Hatch First, Lurkers 

Get SALT Encoding   

  12  0:00  Drone  
  13  0:13  Overlord  
  13  0:18  Drone  
  14  0:32  Drone x2  
  16  0:36  Drone  
  17  0:53  Hatchery  
  17  0:55  Drone  
  17  0:57  Drone  
  18  1:08  Extractor  
  17  1:13  Spawning Pool  
  17  1:15  Drone  
  17  1:21  Drone  
  18  1:28  Drone  
  19  1:40  Drone  
  20  1:51  Overlord  
  20  2:02  Queen  
  20  2:05  Zergling x2  
  20  2:06  Queen  
  25  2:14  Metabolic Boost  
  25  2:17  Drone  
  25  2:18  Drone x2  
  28  2:24  Drone  
  28  2:27  Drone  
  30  2:37  Baneling Nest  
  29  2:44  Queen  
  29  2:50  Hatchery  
  30  2:56  Drone x2  
  31  3:00  Overlord  
  31  3:05  Drone  
  31  3:06  Drone  
  31  3:09  Drone  
  31  3:12  Drone  
  35  3:19  Drone  
  36  3:20  Overlord  
  36  3:22  Baneling  
  36  3:23  Baneling  
  36  3:28  Zergling x4  
  36  3:30  Zergling x2  
  39  3:34  Zergling x4  
  39  3:37  Zergling x2  
  42  3:42  Zergling x4  
  44  3:50  Zergling x2  
  44  3:53  Drone x2  
  44  3:54  Drone  
  48  4:01  Baneling x2  
  48  4:02  Evolution Chamber  
  47  4:14  Drone x7  
  50  4:33  Zerg Missile Weapons Level 1  
  50  4:34  Baneling  
  50  4:36  Extractor, Drone  
  50  4:37  Drone x8  
  58  4:40  Roach Warren  
  58  4:43  Lair  
  57  4:46  Extractor, Drone  
  57  4:50  Drone  
  57  4:51  Overlord  
  58  4:52  Overlord  
  58  5:02  Overlord  
  58  5:07  Evolution Chamber  
  58  5:11  Drone x3  
  58  5:13  Drone x4  
  64  5:16  Drone  
  64  5:17  Drone x2  
  64  5:36  Extractor  
  64  5:37  Drone x3  
  64  5:38  Drone  
  64  5:39  Hatchery, Drone  
  64  5:40  Drone x4  
  71  5:45  Glial Reconstitution, Zerg Ground Armor Level 1  
  71  5:47  Overlord  
  71  5:49  Drone x2  
  73  5:51  Pneumatized Carapace  
  73  5:52  Overseer  
  73  5:56  Extractor  
  72  5:58  Extractor  
  72  5:59  Drone x3  
  72  6:00  Drone x2  
  72  6:03  Drone  
  72  6:16  Roach x7  
  86  6:23  Overlord x4  
  86  6:30  Overlord x2  
  86  6:31  Zerg Missile Weapons Level 2  
  86  6:40  Overlord x2  
  86  6:41  Overlord  
  86  6:42  Roach x2  
  86  6:44  Roach  
  92  6:56  Roach  
  92  6:57  Roach x7  
  108  7:04  Roach x4  
  116  7:09  Drone x5  
  121  7:17  Drone  
  121  7:21  Drone x4  
  121  7:22  Drone  
  127  7:34  Drone  
  127  7:35  Drone x6  
  134  7:39  Queen  
  134  7:41  Drone  
  134  7:42  Drone  
  134  7:43  Ravager x3  
  134  7:44  Ravager x4  
  144  7:45  Roach  
  144  7:46  Roach  
  149  7:52  Extractor  
  149  7:53  Extractor  
  149  7:55  Infestation Pit, Drone x2  
  149  7:56  Hydralisk Den  
  149  7:57  Roach x6  
  159  8:00  Overseer  
  159  8:04  Overlord  
  159  8:05  Overlord x3  
  159  8:11  Overlord  
  159  8:24  Roach x3  
  159  8:25  Roach x10  
  178  8:38  Roach x2  
  178  8:39  Roach x4  
  184  8:47  Ravager x3  
  184  8:48  Roach x4  
  186  8:50  Ravager x3  
  189  8:56  Roach x5  
  176  9:11  Roach  
  176  9:12  Roach x5  
  181  9:17  Roach x2  
  182  9:25  Lurker Den, Roach x3  
  182  9:30  Queen x2  
  193  9:34  Overlord  
  193  9:46  Roach x2  
  193  9:47  Roach  
  193  9:51  Hive  
  197  9:53  Overlord x3  
  197  9:54  Overlord  
  197  9:56  Ravager x3  
  191  10:21  Spine Crawler  
  191  10:25  Spine Crawler  
  191  10:26  Hydralisk x3  
  191  10:27  Hydralisk x2  
  184  10:57  Lurker x5  
  188  11:14  Adaptive Talons  
  185  11:19  Hatchery  
  174  11:33  Roach  
  174  11:34  Roach x11  
  142  11:58  Overseer x2  
  142  11:59  Viper  
  142  12:00  Viper x3, Drone  
  153  12:02  Drone  
  153  12:03  Drone x2  
  156  12:11  Seismic Spines  
  156  12:15  Hydralisk x5  
  150  12:34  Extractor  
  150  12:36  Extractor  
  148  12:42  Lurker  
  135  12:54  Roach x3  
  135  12:55  Roach x8  
Show
View Real Time Build Order
Export as new Build Order

Nordres Zerg - Winner!

Build Orders: Hatch First, Lurkers 

Get SALT Encoding   

  12  0:00  Drone  
  13  0:12  Overlord  
  13  0:17  Drone  
  14  0:30  Drone x2  
  16  0:47  Hatchery  
  15  0:53  Drone  
  15  0:55  Drone  
  17  1:07  Extractor  
  16  1:11  Spawning Pool  
  16  1:14  Drone  
  16  1:17  Drone  
  17  1:21  Drone  
  18  1:29  Drone  
  19  1:39  Drone  
  20  1:51  Overlord  
  20  1:59  Queen x2  
  20  2:00  Zergling x2  
  25  2:11  Metabolic Boost  
  25  2:15  Drone x2  
  28  2:22  Drone  
  28  2:23  Drone  
  29  2:34  Hatchery  
  28  2:42  Zergling x2, Baneling Nest  
  28  2:45  Zergling x2  
  29  2:56  Drone  
  29  2:57  Drone x2  
  32  2:58  Zergling x2  
  32  3:05  Drone  
  32  3:06  Drone  
  34  3:21  Drone x2  
  34  3:23  Overlord  
  36  3:37  Lair  
  36  3:38  Evolution Chamber  
  36  3:39  Drone  
  36  3:40  Extractor  
  36  3:41  Drone  
  36  3:42  Drone x2  
  36  3:43  Drone x2  
  36  3:47  Zergling x8  
  44  3:49  Baneling x2  
  44  3:51  Queen  
  46  4:03  Roach Warren  
  43  4:29  Baneling  
  43  4:30  Baneling  
  43  4:32  Zerg Missile Weapons Level 1  
  43  4:38  Drone  
  43  4:39  Overlord x2, Drone x3  
  43  4:42  Glial Reconstitution  
  43  4:44  Extractor  
  46  4:45  Drone  
  46  4:46  Drone x2  
  46  4:48  Overlord x2  
  49  4:54  Overlord  
  49  4:55  Overlord  
  49  5:08  Drone x4  
  49  5:09  Drone x3  
  49  5:11  Roach x3  
  62  5:19  Baneling x2  
  62  5:31  Drone  
  62  5:32  Drone x9  
  71  5:40  Evolution Chamber, Drone x3  
  71  5:41  Extractor, Drone x2  
  74  5:46  Roach x2  
  78  5:53  Drone x2  
  80  6:06  Overlord  
  80  6:07  Roach, Overlord  
  80  6:08  Roach x4  
  89  6:11  Zerg Ground Armor Level 1  
  89  6:19  Overseer  
  89  6:22  Ravager x2  
  89  6:23  Ravager x2  
  93  6:27  Drone  
  93  6:28  Extractor, Drone x3  
  93  6:29  Roach x3  
  102  6:44  Roach  
  102  6:45  Roach x4  
  112  6:52  Drone  
  112  6:53  Extractor  
  112  7:03  Hatchery  
  112  7:05  Spine Crawler  
  112  7:06  Spine Crawler  
  112  7:07  Drone x3, Spine Crawler  
  112  7:08  Drone x2  
  113  7:17  Pneumatized Carapace  
  113  7:22  Zerg Missile Weapons Level 2  
  113  7:25  Overlord x2  
  113  7:26  Overlord x3  
  113  7:45  Roach x11  
  113  7:50  Drone  
  136  7:51  Overseer  
  136  7:54  Overseer  
  136  7:56  Roach x2  
  136  7:57  Roach x2  
  144  8:06  Roach x4  
  144  8:07  Overlord  
  144  8:08  Overlord  
  152  8:36  Hatchery  
  152  8:41  Roach x9  
  167  8:53  Hydralisk Den  
  167  8:54  Infestation Pit  
  162  9:11  Roach x5  
  162  9:12  Overlord x4  
  162  9:24  Muscular Augments  
  162  9:30  Extractor  
  157  9:34  Hive, Extractor  
  156  9:41  Hydralisk x5  
  156  9:42  Hydralisk x4  
  174  9:46  Lurker Den  
  174  9:51  Drone x2  
  174  9:52  Drone x2  
  177  9:53  Drone x2  
  173  10:07  Roach  
  173  10:08  Roach x6  
  177  10:25  Hydralisk x3  
  177  10:26  Hydralisk x10  
  197  10:35  Grooved Spines  
  189  10:46  Adaptive Talons  
  187  10:55  Roach  
  187  10:56  Roach x5  
  199  10:57  Overlord x2  
  199  10:58  Overseer x2  
  199  11:06  Overseer  
  189  11:32  Lurker x7  
  170  11:43  Seismic Spines  
  116  11:55  Hydralisk x5, Roach x5  
  116  11:56  Hydralisk x2, Overseer, Roach x4  
  116  12:01  Queen  
  148  12:21  Roach x11  
  148  12:22  Roach x7  
  184  12:25  Drone x3  
  187  12:36  Viper x2  
Tags
 
Add a new tag
Caveats
  • Supply blocks, unpowered buildings, or Contaminate may cause inaccurate times.
  • Supply counts are checked every 10 seconds.